 Dungeon Crawl Stone Soup version 0.30-b1-2-g02819fbbbe (webtiles) character file.

Game seed: 10801641955948225372

10769 nightchill the Severer (level 11, -17/85 HPs)
             Began as a Minotaur Fighter on Jan 16, 2024.
             Was a Follower of Uskayaw.
             Killed from afar by a wretched star (18 damage)
             ... with a lance of force
             ... on level 2 of the Abyss.
             The game lasted 00:18:12 (8888 turns).

nightchill the Severer (Minotaur Fighter)           Turns: 8888, Time: 00:18:13

Health: -17/85     AC:  9    Str: 25    XL:     11   Next: 40%
Magic:  4/4        EV:  8    Int:  5    God:    Uskayaw [*.....]
Gold:   385        SH:  8    Dex: 10    Spells: 10/10 levels left

rFire   . . .        b - +2 war axe (antimagic)
rCold   . . .        K - +0 kite shield
rNeg    . . .        k - +1 scale mail {Will+}
rPois   .            (helmet restricted)
rElec   .            (no cloak)
rCorr   .            e - +0 pair of gloves
SInv    .            (no boots)
Will    +....        (no amulet) Stlth
                     r - ring of flight
HPRegen 0.00/turn    (no ring)
MPRegen 0.09/turn

%: no passive effects
@: sick, flying
A: horns 2, retaliatory headbutt, [frail 2]
a: Renounce Religion, Stomp


You were on level 2 of the Abyss.
You worshipped Uskayaw.
Uskayaw was noncommittal.
You visited 1 branch of the dungeon, and saw 10 of its levels.
You visited the Abyss 1 time.

You collected 511 gold pieces.
You spent 126 gold pieces at shops.

Inventory:

Hand Weapons
 a - a +0 war axe
 b - a +2 antimagic war axe (weapon)
Missiles
 H - 5 throwing nets (quivered)
Armour
 c - a +0 buckler
 d - a +0 scale mail
 e - a +0 pair of gloves (worn)
 k - a +1 scale mail of willpower (worn)
 p - a +0 plate armour
 K - a +0 kite shield (worn)
Jewellery
 r - a ring of flight (left hand)
 y - a ring of willpower
 L - a +6 ring of intelligence
 M - a ring of fire
 R - an amulet of regeneration
Wands
 j - a wand of polymorph (9)
 l - a wand of flame (43)
 s - a wand of charming (17)
 J - a wand of quicksilver (8)
 P - a wand of mindburst (14)
Scrolls
 g - 4 scrolls of teleportation
 h - a scroll of fog {unknown}
 o - 2 scrolls of fear {unknown}
 q - a scroll of enchant weapon {unknown}
 w - 4 scrolls of vulnerability {unknown}
 x - a scroll of enchant armour {unknown}
 C - 2 scrolls of immolation {unknown}
 G - a scroll of magic mapping {unknown}
 I - 2 scrolls of poison {unknown}
 O - a scroll of amnesia {unknown}
 Q - a scroll of acquirement {unknown}
Potions
 f - 6 potions of attraction
 i - a potion of heal wounds
 m - a potion of cancellation {unknown}
 n - a potion of curing
 t - 2 potions of magic
 u - 2 potions of degeneration {unknown}
 v - 3 potions of ambrosia {unknown}
 z - a potion of lignification
 A - 3 potions of haste {unknown}
 B - 2 potions of brilliance {unknown}
 D - a potion of mutation {unknown}
 E - a potion of invisibility
 N - 2 potions of resistance {unknown}


   Skills:
 + Level 13.0 Fighting
 - Level 16.1 Axes
 - Level 3.6 Armour
 - Level 3.6 Shields
 * Level 5.4 Invocations


You had 10 spell levels left.
You didn't know any spells.
Your spell library contained the following spells:

 Spells                   Type           Power      Damage    Failure   Level
 Beastly Appendage        Tmut           0%         N/A       95%         1
 Freeze                   Ice            0%         1d3       95%         1
 Shock                    Conj/Air       0%         1d3       95%         1
 Ensorcelled Hibernation  Hex/Ice        0%         N/A       98%         2
 Lesser Beckoning         Tloc           0%         N/A       98%         2
 Passwall                 Tmut/Erth      0%         N/A       98%         2
 Wereblood                Tmut           0%         N/A       98%         2
 Frozen Ramparts          Ice            0%         1d1       100%        3
 Gell's Gravitas          Tloc           0%         N/A       100%        3
 Hailstorm                Conj/Ice       0%         3d3       100%        3
 Spider Form              Tmut/Pois      0%         N/A       100%        3
 Swiftness                Air            0%         N/A       100%        3
 Teleport Other           Tloc           0%         N/A       100%        3
 Airstrike                Air            0%         2d(0-16)  100%        4
 Passage of Golubria      Tloc           0%         N/A       100%        4
 Silence                  Hex/Air        0%         N/A       100%        5
 Lehudib's Crystal Spear  Conj/Erth      0%         10d2      100%        8


Dungeon Overview and Level Annotations

Branches:
Dungeon (10/15)            Temple (0/1) D:7
   Lair: D:8-11         Orc: D:9-12

Altars:
Dithmenos
Trog
Uskayaw

Shops:
D:2 !   D:7 [[

Annotations:
D:4 1 runed translucent door, Crazy Yiuf
D:10 Psyche


Innate Abilities, Weirdness & Mutations

You have a pair of horns on your head.
You reflexively headbutt those who attack you in melee.
[You are very frail. (-20% HP)]


Message History

A neqoxec comes into view.
A fire bat comes into view.
A wretched star comes into view.
A fire bat comes into view.
The fire bat bites you.
* * * LOW HITPOINT WARNING * * *
You are engulfed in flames.
* * * LOW HITPOINT WARNING * * *
The wretched star pulses with an eldritch light!
You feel frail. x2
The fire bat bites you.
You are engulfed in flames!
* * * LOW HITPOINT WARNING * * *
You block the fire bat's attack. You block the fire bat's attack.
The fire bat bites you.
* * * LOW HITPOINT WARNING * * *
You are engulfed in flames!
* * * LOW HITPOINT WARNING * * *
The wretched star glows turbulently.
The lance of force hits you!
* * * LOW HITPOINT WARNING * * *
You are knocked back by the lance of force.
You collide with the fire bat!
The fire bat is moderately wounded.
* * * LOW HITPOINT WARNING * * *
You block the fire bat's attack.
The neqoxec shouts!
You hit the wretched star.
The wretched star's magic leaks into the air.
The wretched star is lightly damaged.
You hit the fire bat.
The fire bat bites you but does no damage.
The fire bat barely misses you. The fire bat completely misses you.
Unknown command.
You slash the wretched star!
The wretched star's magic leaks into the air.
The wretched star is lightly damaged.
You hit the fire bat. You slash the fire bat!
You block the fire bat's attack. x2
The fire bat bites you but does no damage.
The wretched star glows turbulently.
The lance of force hits you!!
You die...

§# #§#
...
#.#.#
##*..#
#@#
#...#b.#
#...#
.X.3#
#....
......#
.....
.#*...#
#....
##....#
....
...#
##.#
##..


You could see 2 wretched stars, a large abomination, a neqoxec and a fire bat.

Vanquished Creatures
  A revenant (Abyss:2)
  Harold (D:10)
  Pikel (D:4)
  A will-o-the-wisp (Abyss:2)
  A large abomination (Abyss:2)
  2 smoke demons (Abyss:1)
  A dire elephant skeleton (Abyss:2)
  2 kobold demonologists
  An unseen horror (D:10)
  An ancient zyme (Abyss:2)
  A troll (D:10)
  A hornet (D:9)
  Sigmund (D:2)
  2 ynoxinuls
  4 yaks (D:9)
  3 vampire mosquitoes (D:9)
  3 steam dragons
  An acid dragon (D:10)
  A water moccasin (D:7)
  Duvessa (D:4)
  3 orc warriors
  An ice beast (D:8)
  3 sky beasts (D:9)
  An ogre (D:5)
  2 lemures (D:4)
  3 phantoms
  12 kobold brigands (D:9)
  Blork the orc (D:4)
  2 bullfrogs
  4 scorpions
  8 wights (D:8)
  Dowan (D:4)
  A howler monkey (D:9)
  4 orc priests
  2 gnoll boudas (D:7)
  6 hounds
  2 iguanas
  7 orc wizards
  10 gnolls
  4 adders
  4 white imps
  2 ufetubi (Abyss:2)
  2 worms
  2 dart slugs
  20 orcs
  7 endoplasms
  3 hobgoblins
  4 jackals (D:3)
  16 kobolds
  4 quokkas
  6 bats
  2 frilled lizards
  9 goblins
  A rat (D:1)
189 creatures vanquished.

Vanquished Creatures (others)
  10 foxfires (Abyss:2)
10 creatures vanquished.

Grand Total: 199 creatures vanquished

Notes
Turn   | Place    | Note
-------+----------+-------------------------------------------
     0 | D:1      | nightchill the Minotaur Fighter began the quest for the
                  | Orb.
     0 | D:1      | Reached XP level 1. HP: 19/19 MP: 0/0
   204 | D:1      | Reached skill level 3 in Axes
   241 | D:1      | Reached XP level 2. HP: 27/27 MP: 1/1
   671 | D:2      | Noticed Sigmund
   684 | D:2      | Killed Sigmund
   685 | D:2      | Reached skill level 5 in Fighting
   685 | D:2      | Reached skill level 5 in Axes
   685 | D:2      | Reached XP level 3. HP: 15/36 MP: 2/2
   685 | D:2      | Reached XP level 4. HP: 17/42 MP: 3/3
   685 | D:2      | Reached XP level 5. HP: 20/48 MP: 4/4
   932 | D:2      | Reached skill level 6 in Axes
  1190 | D:2      | Found Iggabbuh's Distillery.
  1476 | D:3      | Found a shadowy altar of Dithmenos.
  1479 | D:3      | Found a bloodstained altar of Trog.
  1856 | D:4      | Noticed Blork the orc
  1856 | D:4      | Noticed a lemure
  1862 | D:4      | Killed Blork the orc
  1862 | D:4      | Noticed a lemure
  1863 | D:4      | Reached XP level 6. HP: 53/57 MP: 5/5
  1867 | D:4      | Noticed Pikel
  1885 | D:4      | Killed Pikel
  1886 | D:4      | Reached skill level 8 in Axes
  1886 | D:4      | Reached XP level 7. HP: 8/64 MP: 6/6
  2207 | D:4      | Noticed Duvessa
  2209 | D:4      | Noticed Dowan
  2225 | D:4      | Killed Duvessa
  2226 | D:4      | Reached skill level 9 in Axes
  2227 | D:4      | Killed Dowan
  2473 | D:4      | Reached XP level 8. HP: 72/73 MP: 2/7
  2764 | D:4      | Found a runed translucent door.
  2765 | D:4      | Noticed Crazy Yiuf
  3049 | D:5      | Entered Level 5 of the Dungeon
  3565 | D:5      | Reached skill level 10 in Axes
  3951 | D:6      | Found a hide-covered altar of Uskayaw.
  4028 | D:6      | Became a worshipper of Uskayaw the Reveller
  4058 | D:6      | Reached * piety under Uskayaw
  4068 | D:6      | Reached ** piety under Uskayaw
  4161 | D:6      | Reached skill level 11 in Axes
  4683 | D:7      | Found Zuen's Antique Armour Emporium.
  4693 | D:7      | Reached *** piety under Uskayaw
  4730 | D:7      | Bought a kite shield for 126 gold pieces
  4824 | D:7      | Reached XP level 9. HP: 82/82 MP: 2/8
  4829 | D:7      | Found Plog's Armour Shoppe.
  4900 | D:7      | Found a staircase to the Ecumenical Temple.
  4948 | D:7      | Reached **** piety under Uskayaw
  5092 | D:7      | Reached skill level 12 in Axes
  5634 | D:8      | Identified the +7 rapier of Profit {freeze, rElec Str-3
                  | Dex+3}
  5840 | D:8      | Reached skill level 13 in Axes
  6106 | D:8      | Reached skill level 10 in Fighting
  7111 | D:9      | Reached skill level 14 in Axes
  7111 | D:9      | Reached XP level 10. HP: 84/94 MP: 3/9
  7117 | D:9      | Reached ***** piety under Uskayaw
  7491 | D:9      | Reached ****** piety under Uskayaw
  7492 | D:9      | Paralysed by a hornet for 3 turns
  7509 | D:9      | Noticed a rust devil
  7526 | D:9      | Lost intelligence.
  7533 | D:9      | Reached skill level 15 in Axes
  7932 | D:10     | Entered Level 10 of the Dungeon
  7934 | D:10     | Noticed Harold
  7946 | D:10     | Killed Harold
  7947 | D:10     | Reached skill level 16 in Axes
  8521 | D:10     | Noticed Psyche
  8539 | D:10     | Noticed a soul eater
  8542 | D:10     | Reached skill level 1 in Invocations
  8545 | Abyss:1  | Cast into level 1 of the Abyss (Psyche)
  8573 | Abyss:1  | Noticed a smoke demon
  8591 | Abyss:1  | Killed a smoke demon
  8592 | Abyss:1  | Reached XP level 11. HP: 85/104 MP: 3/11
  8715 | Abyss:2  | Found a corrupted altar of Lugonu.
  8715 | Abyss:2  | Found a corrupted altar of Lugonu.
  8746 | Abyss:2  | Noticed a tentacled starspawn
  8751 | Abyss:2  | Found a corrupted altar of Lugonu.
  8753 | Abyss:2  | Noticed a revenant
  8779 | Abyss:2  | Killed a revenant
  8801 | Abyss:2  | HP: 1/106 [ancient zyme (6)]
  8813 | Abyss:2  | Reached skill level 5 in Invocations
  8860 | Abyss:2  | Noticed a tentacled starspawn
  8879 | Abyss:2  | Noticed a large abomination
  8880 | Abyss:2  | Noticed a wretched star
  8883 | Abyss:2  | Noticed a wretched star
  8886 | Abyss:2  | HP: 1/85 [fire bat collision (9)]
  8888 | Abyss:2  | Killed from afar by a wretched star

Illustrated notes

Levels and vault maps discovered:
D:1:      amcnicky_arrival_double_pillar, layout_basic, serial_rivers,
          chequers_serial_rivers_micro_a, chequers_serial_rivers_marsh,
          chequers_serial_rivers_large_a, chequers_serial_rivers_micro_a,
          chequers_serial_rivers_room_a
D:2:      cheibrodos_pilgrimage, layout_basic, serial_shops,
          nicolae_shop_real_fake_doors, minivault_25, minmay_tripent,
          uniq_terence, uniq_sigmund
D:3:      layout_rooms, nicolae_overflow_squiral
D:4:      layout_loops_ring, uniq_blork_the_orc, uniq_duvessa,
          uniq_crazy_yiuf_cottage, uniq_pikel
D:5:      layout_basic, hex_medium
D:6:      layout_basic, eat_drink_and_be_merry_uskayaw, chequers_garden
D:7:      layout_loops_cross, minmay_temple_entry_purple_smoke, serial_shops,
          shop, nicolae_shop_tiny_real_fake_doors
D:8:      layout_layer_cave
D:9:      layout_roguey [special_room_kobold], enter_bailey_8,
          hangedman_misty_isle
D:10:     layout_rooms, uniq_harold, uniq_psyche
Abyss:2:  base: D:2, minivault_24, minivault_24

Skill      XL: |  1  2  3  4  5  6  7  8  9 10 11 |
---------------+----------------------------------+-----
Axes           | 3 5 6 8 9 11 14 16 | 16.1
Fighting       | 5 6 7 8 10 12 13 | 13.0
Invocations    | 2 5 |  5.4
Armour         | |  3.6
Shields        | |  3.6

Action                     |  1- 3 |  4- 6 |  7- 9 | 10-12 || total
---------------------------+-------+-------+-------+-------++-------
  Melee: War axe           |    39 |    73 |   218 |   172 ||   502
         Headbutt          |     5 |    10 |    40 |    41 ||    96
         Unarmed           |       |       |       |    14 ||    14
    Use: Potion            |     1 |     1 |       |    10 ||    12
         Scroll            |       |       |     7 |       ||     7
   Stab: Paralysed         |       |       |    14 |    13 ||    27
 Armour: Scale mail        |    12 |    21 |       |    32 ||    65
         Plate armour      |       |     4 |   123 |    51 ||   178
         Skin              |       |       |       |     6 ||     6
  Dodge: Dodged            |    22 |    33 |    43 |    58 ||   156
  Block: Buckler           |     8 |    12 |    18 |       ||    38
         Kite shield       |       |       |    47 |    59 ||   106
